 Dungeon Crawl Stone Soup version 0.24-a0-272-g14115134c2 (webtiles) character file.

Game seed: 3730186846121844973

14 Maize the Chopper (level 2, 27/27 HPs)
             Began as a Minotaur Berserker on Apr 12, 2019.
             Was a Follower of Trog.
             Quit the game on level 1 of the Dungeon on Apr 25, 2019.
             The game lasted 00:01:00 (506 turns).

Maize the Chopper (Minotaur Berserker)               Turns: 506, Time: 00:01:01

Health: 27/27      AC:  2    Str: 21    XL:     2   Next: 27%
Magic:  1/1        EV: 11    Int:  4    God:    Trog [*.....]
Gold:   36         SH:  0    Dex:  9    Spells: 1/1 levels left

rFire    . . .     SeeInvis .   a - +0 hand axe
rCold    . . .     Gourm    .   (no shield)
rNeg     . . .     Faith    .   b - +0 animal skin
rPois    .         Spirit   .   (helmet restricted)
rElec    .         Reflect  .   (no cloak)
rCorr    .         Harm     .   (no gloves)
MR       .....                  (no boots)
Stlth    +.........             (no amulet)
HPRegen  0.09/turn              (no ring)
MPRegen  0.07/turn              (no ring)

@: heavily drained
A: retaliatory headbutt, horns 2
a: Berserk, Renounce Religion


You were on level 1 of the Dungeon.
You worshipped Trog.
Trog was aware of your devotion.
You were not hungry.

You visited 1 branch of the dungeon, and saw 1 of its levels.

You collected 36 gold pieces.

Inventory:

Hand Weapons
 a - a +0 hand axe (weapon)
Armour
 b - a +0 animal skin (worn)
Jewellery
 h - an uncursed amulet of harm
Scrolls
 e - a scroll of magic mapping {unknown}
 f - a scroll of remove curse {unknown}
 j - a scroll of identify {unknown}
Potions
 d - a potion of magic {unknown}
 i - a potion of resistance {unknown}
Comestibles
 c - 2 rations
 g - 3 chunks of flesh


   Skills:
 + Level 3.8(2.3) Fighting
 * Level 4.1(2.6) Axes
 + Level 2.7(1.2) Armour
 - Level 2.1(0.7) Dodging


You had one spell level left.
You didn't know any spells.
Your spell library was empty.

Dungeon Overview and Level Annotations

Branches:
Dungeon (1/15)

Altars:


Innate Abilities, Weirdness & Mutations

You reflexively headbutt those who attack you in melee.
You have a pair of horns on your head.


Message History

No target in view!
No target in view!
No target in view!
No target in view!
You butcher the bat corpse.
g - a chunk of flesh You see here a bat skeleton. x2
Things that are here:
a cursed -1 whip; 5 stones; a kobold corpse You butcher the frilled lizard corpse.
g - 2 chunks of flesh (gained 1)
You see here a frilled lizard skeleton. x2
You butcher the bat corpse.
g - 3 chunks of flesh (gained 1)
You see here a bat skeleton. x2
Done exploring.
Done exploring.
No target in view!
Done exploring.
Are you sure you want to abandon this character and quit the game? (Confirm with "yes".)

### #####.#
#####.....#
#.....###.##########
#.##### #.#...##...##
..#######...........##
#..##.....)..........#
................@....#
......###............#
#####.###...........##
#..##.#...##...##
##.##.##########
#..#.# ##.#.# #...#
##..#


There were no monsters in sight!

Vanquished Creatures
  2 dart slugs (D:1)
  A ball python (D:1)
  A goblin (D:1)
  2 bats (D:1)
  2 frilled lizards (D:1)
  2 kobolds (D:1)
  2 rats (D:1)
12 creatures vanquished.

Notes
Turn   | Place    | Note
-------+----------+-------------------------------------------
     0 | D:1      | Maize the Minotaur Berserker began the quest for the Orb.
     0 | D:1      | Reached XP level 1. HP: 19/19 MP: 0/0
    11 | D:1      | Upgraded the game from 0.24-a0-249-g2af7e837d0 to
                  | 0.24-a0-272-g14115134c2
   207 | D:1      | Reached skill level 4 in Axes
   247 | D:1      | Reached XP level 2. HP: 14/27 MP: 1/1
   506 | D:1      | Quit the game

Levels and vault maps discovered:
D:1:      minmay_arrival_semitransparent, layout_rooms

Skill      XL: |  1 |
---------------+----+-----
Axes           | 4 |  4.1
Fighting       | |  3.8
Armour         | |  2.7
Dodging        | |  2.1

Action                   || total
-------------------------++-------
Melee: Hand axe          ||    23
       Headbutt          ||     3
Armor: Animal skin       ||    13
Dodge: Dodged            ||    17

Table legend:
 A = Non-vault XP
 B = Vault XP
 C = Vault XP percentage of total XP
 D = Non-vault monster count
 E = Vault monster count
 F = Vault count percentage of total count
                 A         B        C        D         E       F
            +---------+---------+-------+---------+---------+-------
      Total |      20 |       0 |   0.0 |      12 |       0 |   0.0
            +---------+---------+-------+---------+---------+-------
        D:1 |      20 |       0 |   0.0 |      12 |       0 |   0.0
            +---------+---------+-------+---------+---------+-------
